 Dungeon Crawl Stone Soup version 0.30.1-4-g462c640d31 (webtiles) character file.

Game seed: 15136458088644552211

9 croobank the Sneak (level 2, -4/21 HPs)
             Began as an Octopode Delver on Aug 10, 2023.
             Slain by a black bear (7 damage)
             ... on level 5 of the Dungeon.
             The game lasted 00:02:55 (106 turns).

croobank the Sneak (Octopode Delver)                 Turns: 106, Time: 00:02:57

Health: -4/21      AC:  1    Str: 11    XL:     2   Next: 12%
Magic:  2/2        EV: 13    Int: 12    God:
Gold:   14         SH:  0    Dex: 13    Spells: 1/1 levels left

rFire   . . .        a - +0 short sword
rCold   . . .        (no shield)
rNeg    . . .        (helmet restricted)
rPois   .            (no amulet)
rElec   .            (no ring)
rCorr   .            (no ring)
SInv    .            (no ring)
Will    .....        (no ring)
Stlth   ++++         (no ring)
HPRegen 0.23/turn    (no ring)
MPRegen 0.08/turn    (no ring)
                     (no ring)

%: no passive effects
@: no status effects
A: almost no armour, amphibious, 8 rings, camouflage 1, gelatinous body 1,
(nimble swimmer 1), tentacles
a: no special abilities


You were on level 5 of the Dungeon.
You visited 1 branch of the dungeon, and saw 3 of its levels.

You collected 14 gold pieces.

Inventory:

Hand Weapons
 a - a +0 short sword (weapon)
Wands
 f - a wand of digging (3)
Scrolls
 b - a scroll of fog
 c - a scroll of magic mapping
 d - 3 scrolls of amnesia {unknown}
Potions
 e - a potion of haste


   Skills:
 + Level 3.1 Fighting
 + Level 2.2 Short Blades
 + Level 2.2 Dodging
 + Level 6.7 Stealth


You had one spell level left.
You didn't know any spells.
Your spell library was empty.

Dungeon Overview and Level Annotations

Branches:
Dungeon (7/15)
 Temple: D:4-7

Altars:


Innate Abilities, Weirdness & Mutations

You cannot wear most types of armour.
You are amphibious.
You can wear up to eight rings at the same time.
Your skin changes colour to match your surroundings (Stealth+).
Your rubbery body absorbs attacks. (AC +1, EV +1)
((You are camouflaged when in or above water. (Stealth+)))
You have tentacles for arms and can constrict up to eight enemies at once.


Message History

The white imp is lightly wounded.
You constrict the white imp, but do no damage.
As you read the scroll of fear, it crumbles to dust.
You assume a fearsome visage.
The white imp looks frightened!
The sky beast looks frightened!
You constrict the white imp.
The white imp escapes!
There is a stone staircase leading up here.
You climb upwards.
There is a stone staircase leading down here.
A centaur comes into view. It is carrying a wand of iceblast (5).
The centaur moves out of view.
You see here a +0 leather armour.
There is a stone staircase leading up here.
You climb upwards.
There is a stone staircase leading down here.
An adder comes into view.
Found 3 scrolls labelled VESTRE IFUNOBE.
The helpless adder fails to defend itself.
You puncture the adder!
You kill the adder!
You have reached level 2!
Found a stone staircase leading down.
d - 3 scrolls labelled VESTRE IFUNOBE
There is a stone staircase leading down here.
A black bear comes into view.
The helpless black bear fails to defend itself.
You impale the black bear!! You grab the black bear.
The black bear is severely wounded.
You constrict the black bear, but do no damage.
The black bear bites you! The black bear closely misses you.
The black bear claws you.
You hit the black bear but do no damage.
The black bear is severely wounded.
You constrict the black bear. The black bear bites you.
The black bear barely misses you. The black bear claws you.
* * * LOW HITPOINT WARNING * * *
You hit the black bear.
The black bear is almost dead.
You constrict the black bear. The black bear bites you!
You die...

######### ####
......... ..#
........## #.#
#.......h# ##.#######
#......@######........#
.........>........###.#
.?...####.#####.#.#
#.## #.## #.# #.#.#
#... # #.# #.#.# ####
#.# #.#.# #.# #.#.# #.#
..#.# ... ..


You could see a black bear.

Vanquished Creatures
  An adder (D:5)
1 creature vanquished.

Notes
Turn   | Place    | Note
-------+----------+-------------------------------------------
     0 | D:5      | croobank the Octopode Delver began the quest for the Orb.
     0 | D:5      | Reached XP level 1. HP: 16/16 MP: 1/1
    22 | D:7      | Noticed a sky beast
    46 | D:6      | Noticed a centaur
    89 | D:5      | Reached XP level 2. HP: 21/21 MP: 2/2
   102 | D:5      | Noticed a black bear
   106 | D:5      | Slain by a black bear

Illustrated notes

Levels and vault maps discovered:
D:5:      layout_loops_ring, grunt_temple_overflow_octagram, kennysheep_boxes
D:6:      layout_basic, grunt_temple_overflow_bloody_war,
          nicolae_zen_rock_garden
D:7:      layout_rooms, gammafunk_ghost_berserking_beasts, minivault_25

Action                     || total
---------------------------++-------
  Melee: Short sword       ||     5
         Constrict         ||     2
    Use: Scroll            ||     1
   Stab: Sleeping          ||     2
  Dodge: Dodged            ||     3
